APP
KINGSPORT METS @ HELENA BREWERS
08/18/2048
 
TOP OF THE 1ST
Kingsport Mets batting - Pitching for Helena Brewers : RHP Matysh Ekmalyan
Pitching: RHP Matysh Ekmalyan
Batting: LHB Matt Baker 0-0: Foul Ball, location: 2F
0-1: Foul Ball, location: 2F
0-2: Ball
1-2: Fly out, F5 (Popup, 5SF, EV 78.1 MPH)
Batting: RHB Artyom Shavkunov 0-0: Swinging Strike
0-1: Foul Ball, location: 2F
0-2: Strikes out swinging
Batting: SHB Tyler Maddux 0-0: Called Strike
0-1: Swinging Strike
0-2: Strikes out looking
Top of the 1st over - 0 runs, 0 hits, 0 errors, 0 left on base; Kingsport 0 - Helena 0
BOTTOM OF THE 1ST
Helena Brewers batting - Pitching for Kingsport Mets : LHP Pedro Botello
Pitching: LHP Pedro Botello
Batting: RHB Mohammed bin Ubaida 0-0: Called Strike
0-1: Ball
1-1: Ball
2-1: Swinging Strike
2-2: Strikes out looking
Batting: RHB Wiliama Dana 0-0: Bunt missed!
0-1: Ball
1-1: Swinging Strike
1-2: Ball
2-2: Fly out, F8 (Flyball, 8LD, EV 103.1 MPH)
Batting: RHB Tony Beaumond 0-0: Ball
1-0: Ball
2-0: Ball
3-0: Called Strike
3-1: Foul Ball, location: 2F
3-2: SINGLE (Line Drive, 4D, EV 94.4 MPH)
Batting: LHB John Fortin 0-0: Called Strike
0-1: Ball
1-1: Swinging Strike
1-2: Ball
2-2: Ball
3-2: 2-RUN HOME RUN (Flyball, 9LD, EV 93.1 MPH), Distance : 337 ft
Batting: RHB Curtis Montgomery 0-0: Foul Ball, location: 2F
0-1: Foul Ball, location: 2F
0-2: Ball
1-2: Ball
2-2: Foul Ball, location: 2F
2-2: Ball
3-2: Base on Balls
Batting: LHB Greg Reedy 0-0: Ground out 1-3 (Groundball, 13, EV 70.6 MPH)
Bottom of the 1st over - 2 runs, 2 hits, 0 errors, 1 left on base; Kingsport 0 - Helena 2
TOP OF THE 2ND
Kingsport Mets batting - Pitching for Helena Brewers : RHP Matysh Ekmalyan
Batting: SHB Nick Daigle 0-0: Ground out 4-3 (Groundball, 4S, EV 68.1 MPH)
Batting: RHB Bill Crogan 0-0: Ball
1-0: Foul Ball, location: 2F
1-1: Foul Ball, location: 2F
1-2: Foul Ball, location: 2F
1-2: Ball
2-2: Foul Ball, location: 2F
2-2: Foul Ball, location: 2F
2-2: Ball
3-2: Foul Ball, location: 2F
3-2: Base on Balls
Batting: RHB Enrique Aguirre 0-0: Ball
1-0: Called Strike
1-1: Ball
2-1: Ball
3-1: Foul Ball, location: 2F
3-2: Foul Ball, location: 2F
3-2: Grounds into double play, 1-6-3 (Groundball, 13, EV 76.2 MPH)
Top of the 2nd over - 0 runs, 0 hits, 0 errors, 0 left on base; Kingsport 0 - Helena 2
BOTTOM OF THE 2ND
Helena Brewers batting - Pitching for Kingsport Mets : LHP Pedro Botello
Batting: RHB Drew Forbess 0-0: Ball
1-0: Ball
2-0: Ball
3-0: Called Strike
3-1: Base on Balls
Batting: LHB Dusty Bryant 0-0: Called Strike
0-1: Ball
1-1: Called Strike
1-2: Ball
2-2: Strikes out swinging
Batting: RHB Justin Marino 0-0: Ball
1-0: Called Strike
1-1: Swinging Strike
1-2: Strikes out swinging
Batting: RHB Mohammed bin Ubaida 0-0: Ball
1-0: Ball
2-0: Ball
3-0: Base on Balls
Drew Forbess to second
Batting: RHB Wiliama Dana 0-0: Ball
1-0: Ball
2-0: Called Strike
2-1: Fly out, F7 (Flyball, 78D, EV 76.2 MPH)
Bottom of the 2nd over - 0 runs, 0 hits, 0 errors, 2 left on base; Kingsport 0 - Helena 2
TOP OF THE 3RD
Kingsport Mets batting - Pitching for Helena Brewers : RHP Matysh Ekmalyan
Batting: RHB Chris Artz 0-0: Called Strike
0-1: Ball
1-1: Ball
2-1: Called Strike
2-2: Foul Ball, location: 2F
2-2: Ball
3-2: Foul Ball, location: 2F
3-2: Foul Ball, location: 2F
3-2: SINGLE (Groundball, 6M, EV 103.8 MPH) (infield hit)
Batting: SHB Adonis Jones 0-0: Ball
1-0: Called Strike
1-1: Ball
2-1: Grounds into double play, 5-4-3 (Groundball, 56, EV 109.4 MPH)
Batting: RHB Sam Callahan 0-0: Ball
1-0: Foul Ball, location: 2F
1-1: Ground out U3 (Groundball, 34S, EV 84.4 MPH)
Top of the 3rd over - 0 runs, 1 hit, 0 errors, 0 left on base; Kingsport 0 - Helena 2
BOTTOM OF THE 3RD
Helena Brewers batting - Pitching for Kingsport Mets : LHP Pedro Botello
Batting: RHB Tony Beaumond 0-0: Foul Ball, location: 2F
0-1: Swinging Strike
0-2: Ball
1-2: Ball
2-2: Strikes out swinging
Batting: LHB John Fortin 0-0: Ball
1-0: Ball
2-0: Ball
3-0: Base on Balls
Batting: RHB Curtis Montgomery 0-0: Called Strike
John Fortin steals 2nd, throwing error, E2
John Fortin to third
0-1: Swinging Strike
0-2: Strikes out looking
Batting: LHB Greg Reedy 0-0: Called Strike
0-1: Ground out 4-3 (Groundball, 4, EV 89.4 MPH)
Bottom of the 3rd over - 0 runs, 0 hits, 1 error, 1 left on base; Kingsport 0 - Helena 2
TOP OF THE 4TH
Kingsport Mets batting - Pitching for Helena Brewers : RHP Matysh Ekmalyan
Batting: LHB Matt Baker 0-0: Swinging Strike
0-1: Bunt missed!
0-2: Foul Ball, location: 2F
0-2: Foul Ball, location: 2F
0-2: Foul Ball, location: 2F
0-2: Foul Ball, location: 2F
0-2: Ball
1-2: Strikes out swinging
Batting: RHB Artyom Shavkunov 0-0: Ground out 4-3 (Groundball, 4M, EV 88.1 MPH)
Batting: SHB Tyler Maddux 0-0: Ball
1-0: Called Strike
1-1: Ball
2-1: Foul Ball, location: 2F
2-2: Strikes out looking
Top of the 4th over - 0 runs, 0 hits, 0 errors, 0 left on base; Kingsport 0 - Helena 2
BOTTOM OF THE 4TH
Helena Brewers batting - Pitching for Kingsport Mets : LHP Pedro Botello
Batting: RHB Drew Forbess 0-0: Called Strike
0-1: Ball
1-1: Ball
2-1: Called Strike
2-2: Strikes out swinging
Batting: LHB Dusty Bryant 0-0: Ball
1-0: Ball
2-0: Foul Ball, location: 2F
2-1: Foul Ball, location: 2F
2-2: Ball
3-2: Foul Ball, location: 2F
3-2: Base on Balls
Pitching: RHP Justin Williams
Batting: RHB Justin Marino 0-0: Ball
1-0: SINGLE (Groundball, 56D, EV 110.0 MPH)
Dusty Bryant to second
Batting: RHB Mohammed bin Ubaida 0-0: Foul Ball, location: 2F
0-1: Ball
Wild Pitch!
Dusty Bryant to third
Justin Marino to second
1-1: Foul Ball, location: 2F
1-2: Ball
2-2: Fly out, F8 (Flyball, 8RD, EV 101.9 MPH)
Runner from 3rd tags up, SCORES, no throw by CF
Batting: RHB Wiliama Dana 0-0: Ball
1-0: Called Strike
1-1: Swinging Strike
1-2: Ball
2-2: Foul Ball, location: 2F
2-2: SINGLE (Groundball, 25, EV 73.1 MPH) (infield hit)
Justin Marino to third
Batting: RHB Tony Beaumond 0-0: Swinging Strike
0-1: Called Strike
0-2: Fielders Choice at 2nd, 6-4 (Groundball, 6, EV 89.4 MPH)
Bottom of the 4th over - 1 run, 2 hits, 0 errors, 2 left on base; Kingsport 0 - Helena 3
TOP OF THE 5TH
Kingsport Mets batting - Pitching for Helena Brewers : RHP Matysh Ekmalyan
Batting: SHB Nick Daigle 0-0: Called Strike
0-1: Ball
1-1: Swinging Strike
1-2: Ball
2-2: Strikes out looking
Batting: RHB Bill Crogan 0-0: Ball
1-0: Swinging Strike
1-1: Ball
2-1: Fly out, F8 (Flyball, 8RD, EV 90.6 MPH)
Batting: RHB Enrique Aguirre 0-0: Called Strike
0-1: Called Strike
0-2: Strikes out swinging
Top of the 5th over - 0 runs, 0 hits, 0 errors, 0 left on base; Kingsport 0 - Helena 3
BOTTOM OF THE 5TH
Helena Brewers batting - Pitching for Kingsport Mets : RHP Justin Williams
Batting: LHB John Fortin 0-0: Swinging Strike
0-1: Ball
1-1: Reached on error, E4 (Groundball, 4, EV 77.5 MPH)
Batting: RHB Curtis Montgomery 0-0: Ball
1-0: Fielders Choice at 2nd, 4-6 (Groundball, 34, EV 90.6 MPH)
Batting: LHB Greg Reedy 0-0: Called Strike
0-1: Ball
1-1: Ball
2-1: Swinging Strike
2-2: SINGLE (Groundball, 6MD, EV 106.2 MPH)
Curtis Montgomery to second
Batting: RHB Drew Forbess 0-0: Ball
1-0: Foul Ball, location: 2F
1-1: Foul Ball, location: 2F
1-2: Ball
2-2: Foul Ball, location: 2F
2-2: Ball
3-2: Base on Balls
Curtis Montgomery to third
Greg Reedy to second
Batting: LHB Dusty Bryant 0-0: Ball
1-0: Ball
2-0: Swinging Strike
2-1: Ball
3-1: Base on Balls
Curtis Montgomery scores
Greg Reedy to third
Drew Forbess to second
Batting: RHB Justin Marino 0-0: Ball
1-0: Fly out, F9 (Flyball, 9LM, EV 98.8 MPH)
Batting: RHB Mohammed bin Ubaida 0-0: Ball
1-0: Ball
2-0: Called Strike
2-1: Fielders Choice at 2nd, U6 (Groundball, 6M, EV 86.2 MPH)
Bottom of the 5th over - 1 run, 1 hit, 1 error, 3 left on base; Kingsport 0 - Helena 4
TOP OF THE 6TH
Kingsport Mets batting - Pitching for Helena Brewers : RHP Matysh Ekmalyan
Batting: RHB Chris Artz 0-0: Called Strike
0-1: Ball
1-1: Foul Ball, location: 2F
1-2: Ball
2-2: SINGLE (Line Drive, 56D, EV 103.8 MPH)
Batting: SHB Adonis Jones 0-0: Ball
1-0: Swinging Strike
1-1: Ball
2-1: Ball
3-1: Fly out, F6 (Line Drive, 6, EV 70.0 MPH)
Batting: RHB Sam Callahan 0-0: Ball
1-0: Ball
2-0: Called Strike
2-1: Swinging Strike
2-2: Fly out, F7 (Flyball, 7D, EV 102.5 MPH)
Pitching: RHP Tony Valdez
Batting: LHB Matt Baker 0-0: Ball
1-0: Foul Ball, location: 2F
1-1: Foul Ball, location: 2F
1-2: Fielders Choice at 2nd, 5-4 (Groundball, 56, EV 80.6 MPH)
Top of the 6th over - 0 runs, 1 hit, 0 errors, 1 left on base; Kingsport 0 - Helena 4
BOTTOM OF THE 6TH
Helena Brewers batting - Pitching for Kingsport Mets : RHP Justin Williams
Batting: RHB Wiliama Dana 0-0: Foul Ball, location: 2F
0-1: Called Strike
0-2: Ball
1-2: Ball
2-2: Ball
3-2: Base on Balls
Pitching: RHP Jason Jones
Batting: RHB Tony Beaumond 0-0: Called Strike
Wiliama Dana steals 2nd, throwing error, E2
Wiliama Dana to third
0-1: Ball
1-1: Ball
2-1: DOUBLE (Flyball, 78D, EV 95.6 MPH)
Wiliama Dana scores
Batting: LHB John Fortin 0-0: Swinging Strike
0-1: Foul Ball, location: 2F
0-2: Strikes out looking
Batting: RHB Curtis Montgomery 0-0: Ball
1-0: Foul Ball, location: 2F
1-1: Foul Ball, location: 2F
1-2: Foul Ball, location: 2F
1-2: Foul Ball, location: 2F
1-2: SINGLE (Groundball, 6D, EV 101.9 MPH)
Tony Beaumond to third
Runner from 3rd tries for Home, throw by CF and OUT! 8-2
Batting: LHB Greg Reedy 0-0: Ball
1-0: Ground out 4-3 (Groundball, 4, EV 90.6 MPH)
Bottom of the 6th over - 1 run, 2 hits, 1 error, 1 left on base; Kingsport 0 - Helena 5
TOP OF THE 7TH
Kingsport Mets batting - Pitching for Helena Brewers : RHP Tony Valdez
Batting: RHB Artyom Shavkunov 0-0: Ball
1-0: Ball
2-0: Called Strike
2-1: Called Strike
2-2: Ball
3-2: Base on Balls
Batting: SHB Tyler Maddux 0-0: Ball
1-0: Foul Ball, location: 2F
1-1: Called Strike
1-2: Ball
2-2: Strikes out swinging
Batting: SHB Nick Daigle 0-0: Ball
1-0: Called Strike
1-1: Swinging Strike
1-2: Fly out, F7 (Flyball, 78M, EV 95.0 MPH)
Batting: RHB Bill Crogan 0-0: Ball
1-0: DOUBLE (Groundball, 3L, EV 110.0 MPH)
Artyom Shavkunov to third
Batting: RHB Enrique Aguirre 0-0: Called Strike
0-1: Ball
1-1: DOUBLE (Line Drive, 89D, EV 100.0 MPH)
Artyom Shavkunov scores
Bill Crogan scores
Batting: RHB Chris Artz 0-0: Ball
1-0: Called Strike
1-1: Ball
2-1: Ground out 6-3 (Groundball, 56D, EV 88.8 MPH)
Top of the 7th over - 2 runs, 2 hits, 0 errors, 1 left on base; Kingsport 2 - Helena 5
BOTTOM OF THE 7TH
Helena Brewers batting - Pitching for Kingsport Mets : RHP Jason Jones
Batting: RHB Drew Forbess 0-0: Called Strike
0-1: SOLO HOME RUN (Flyball, 7D, EV 96.9 MPH), Distance : 381 ft
Batting: LHB Dusty Bryant 0-0: Called Strike
0-1: Swinging Strike
0-2: Ball
1-2: Ball
2-2: Foul Ball, location: 2F
2-2: Ball
3-2: Foul Ball, location: 2F
3-2: Base on Balls
Batting: RHB Justin Marino 0-0: Bunt missed!
0-1: Bunt missed!
0-2: Fly out, F4 (Popup, 4M, EV 31.9 MPH)
Batting: RHB Mohammed bin Ubaida 0-0: Called Strike
0-1: Swinging Strike
0-2: Strikes out swinging
Batting: RHB Wiliama Dana 0-0: Called Strike
0-1: Ground out 4-3 (Groundball, 4, EV 86.2 MPH)
Bottom of the 7th over - 1 run, 1 hit, 0 errors, 1 left on base; Kingsport 2 - Helena 6
TOP OF THE 8TH
Kingsport Mets batting - Pitching for Helena Brewers : RHP Tony Valdez
Batting: SHB Adonis Jones 0-0: Called Strike
0-1: Ball
1-1: Foul Ball, location: 2F
1-2: Ball
2-2: Ground out 1-3 (Groundball, 34S, EV 63.8 MPH)
Batting: RHB Sam Callahan 0-0: Swinging Strike
0-1: Ball
1-1: Swinging Strike
1-2: Ball
2-2: Strikes out swinging
Batting: LHB Matt Baker 0-0: Called Strike
0-1: Called Strike
0-2: Ball
1-2: DOUBLE (Line Drive, 7LD, EV 98.8 MPH)
Batting: RHB Artyom Shavkunov 0-0: Foul Ball, location: 2F
0-1: Foul Ball, location: 2F
0-2: Ball
1-2: Ball
2-2: Fly out, F6 (Flyball, 6D, EV 95.6 MPH)
Top of the 8th over - 0 runs, 1 hit, 0 errors, 1 left on base; Kingsport 2 - Helena 6
BOTTOM OF THE 8TH
Helena Brewers batting - Pitching for Kingsport Mets : RHP Jason Jones
Batting: RHB Tony Beaumond 0-0: Ball
1-0: Swinging Strike
1-1: Swinging Strike
1-2: Foul Ball, location: 2F
1-2: Strikes out swinging
Batting: LHB John Fortin 0-0: Called Strike
0-1: Foul Ball, location: 2F
0-2: Fly out, F8 (Flyball, 8RM, EV 87.5 MPH)
Batting: RHB Curtis Montgomery 0-0: Ball
1-0: Foul Ball, location: 2F
1-1: Ball
2-1: Foul Ball, location: 2F
2-2: Ball
3-2: Ground out 4-3 (Groundball, 4D, EV 85.0 MPH)
Bottom of the 8th over - 0 runs, 0 hits, 0 errors, 0 left on base; Kingsport 2 - Helena 6
TOP OF THE 9TH
Kingsport Mets batting - Pitching for Helena Brewers : RHP Tony Valdez
Batting: SHB Tyler Maddux 0-0: Foul Ball, location: 2F
0-1: Foul Ball, location: 2F
0-2: Ball
1-2: Fly out, F7 (Flyball, 78M, EV 96.2 MPH)
Batting: SHB Nick Daigle 0-0: Ball
1-0: Called Strike
1-1: Foul Ball, location: 2F
1-2: Strikes out swinging
Batting: RHB Bill Crogan 0-0: Ball
1-0: Ground out 3-1 (Groundball, 13, EV 81.9 MPH)
Top of the 9th over - 0 runs, 0 hits, 0 errors, 0 left on base; Kingsport 2 - Helena 6
Tuesday, March 28th , 2023 - OOTP Baseball 23.10 Build 110